 Dungeon Crawl Stone Soup version 0.31-a0-232-gb1c03b2570 (webtiles) character file.

Game seed: 14987250860800533690

118 qw the Shooter (level 4, -3/37 HPs)
             Began as a Minotaur Hexslinger on July 6, 2023.
             Slain by a gnoll
             ... wielding a +0 halberd
              (5 damage)
             ... on level 3 of the Dungeon.
             The game lasted 00:00:37 (1470 turns).

qw the Shooter (Minotaur Hexslinger)                Turns: 1470, Time: 00:00:38

Health: -3/37      AC:  5    Str: 12    XL:     4   Next: 72%
Magic:  4/4        EV: 11    Int: 10    God:
Gold:   130        SH:  0    Dex: 15    Spells: 4/5 levels left

rFire   . . .        Y - +1 sling (freeze)
rCold   . . .        (no shield)
rNeg    . . .        d - +0 ring mail
rPois   .            (helmet restricted)
rElec   .            (no cloak)
rCorr   .            (no gloves)
SInv    .            (no boots)
Will    .....        (no amulet)
Stlth   +            (no ring)
HPRegen 0.26/turn    (no ring)
MPRegen 0.09/turn

%: no passive effects
@: no status effects
A: horns 2, retaliatory headbutt
a: no special abilities


You were on level 3 of the Dungeon.
You visited 1 branch of the dungeon, and saw 3 of its levels.

You collected 130 gold pieces.


Innate Abilities, Weirdness & Mutations

You have a pair of horns on your head.
You reflexively headbutt those who attack you in melee.


   Skills:
 + Level 2.3 Fighting
 - Level 5.0 Ranged Weapons
 - Level 1.0 Armour
 - Level 2.1 Dodging
 - Level 1.0 Spellcasting
 - Level 2.0 Hexes


You had 4 spell levels left.
You knew the following spells:

 Your Spells              Type           Power      Damage    Failure   Level
a - Slow                  Hex            16%        N/A       34%         1

Your spell library contained the following spells:

 Spells                   Type           Power      Damage    Failure   Level
 Inner Flame              Hex/Fire       2%         N/A       83%         3
 Portal Projectile        Hex/Tloc       4%         N/A       83%         3
 Cause Fear               Hex            2%         N/A       98%         4

Inventory:

Hand Weapons
 Y - a +1 sling of freezing (weapon)
Armour
 d - a +0 ring mail (worn)
Scrolls
 a - a scroll of teleportation
Potions
 b - a potion of berserk rage {unknown}
 e - a potion of heal wounds {unknown}
 f - a potion of haste {unknown}
 h - a potion of might {unknown}
 i - a potion of cancellation
 j - a potion of curing
 k - a potion of mutation {unknown}

Dungeon Overview and Level Annotations

Branches:
Dungeon (3/15)

Altars:


Message History

You shoot a sling bullet. The sling bullet hits the gnoll.
The sling bullet freezes the gnoll.
You kill the gnoll!
The gnoll closely misses you.
Your Ranged Weapons skill increases to level 5!
You shoot a sling bullet. The sling bullet hits the gnoll.
The sling bullet freezes the gnoll.
The gnoll is moderately wounded.
The gnoll hits you from afar with a +0 halberd.
You shoot a sling bullet.
The sling bullet hits the gnoll but does no damage.
The gnoll is moderately wounded.
The gnoll hits you from afar with a +0 halberd.
The gnoll closely misses you.
You shoot a sling bullet.
The sling bullet closely misses the gnoll.
The gnoll barely misses you.
You shoot a sling bullet.
The sling bullet barely misses the gnoll.
The gnoll closely misses you.
You shoot a sling bullet.
The sling bullet barely misses the gnoll.
The gnoll misses you. The gnoll closely misses you.
You shoot a sling bullet. The sling bullet hits the gnoll.
The sling bullet freezes the gnoll.
The gnoll is severely wounded.
The gnoll closely misses you.
You shoot a sling bullet. The sling bullet hits the gnoll.
The sling bullet freezes the gnoll.
The gnoll is almost dead.
The gnoll hits you from afar with a +0 halberd.
You shoot a sling bullet. The sling bullet hits the gnoll.
The sling bullet freezes the gnoll.
You kill the gnoll!
You shoot a sling bullet.
The sling bullet closely misses the gnoll.
You hear a shout!
The gnoll hits you from afar with a +0 halberd!
The gnoll hits you from afar with a +0 halberd.
You die...

##.##
#.###.# #.#
#...... #.#
#####.. #.#
### #.# #.#
#.# #.# #@#
#)#
#....)g....#
#.######...#
g.# .# #


You could see a gnoll.

Vanquished Creatures
  An adder (D:2)
  6 gnolls
  3 dart slugs
  3 bats
  7 endoplasms
  2 giant cockroaches (D:2)
  6 goblins
  2 hobgoblins (D:1)
  2 jackals (D:2)
  5 kobolds
  5 ball pythons
  2 rats (D:1)
44 creatures vanquished.

Notes
Turn   | Place    | Note
-------+----------+-------------------------------------------
     0 | D:1      | qw the Minotaur Hexslinger began the quest for the Orb.
     0 | D:1      | Reached XP level 1. HP: 16/16 MP: 1/1
     0 | D:1      | 0 ||| qw: Version: 0.3-a-46-gb1f654a
     0 | D:1      | 0 ||| qw: Game counter: 2055
     0 | D:1      | 0 ||| qw: Melee chars always use a shield: true
     0 | D:1      | 0 ||| qw: God list: Okawaru
     0 | D:1      | 0 ||| qw: Allow faded altars: false
     0 | D:1      | 0 ||| qw: Do Orc after clearing Dungeon:15 true
     0 | D:1      | 0 ||| qw: Do second Lair branch before Depths: true
     0 | D:1      | 0 ||| qw: Lair rune preference: random
     0 | D:1      | 0 ||| qw: Goals: Normal
     0 | D:1      | 0 ||| PLANNING D:1-11
   112 | D:1      | Reached skill level 3 in Ranged Weapons
   122 | D:1      | Reached XP level 2. HP: 23/23 MP: 2/2
   438 | D:1      | 438 ||| UPGRADING to +0 ring mail.
   448 | D:1      | 448 ||| DROPPING +0 robe.
   449 | D:1      | 449 ||| READING 2 scrolls labelled WINNOKHLOLA.
   452 | D:1      | 452 ||| READING scroll labelled VAMAKY LILIFOS.
   453 | D:1      | 453 ||| DRINKING 2 viscous green potions.
   454 | D:1      | 454 ||| DRINKING 2 metallic puce potions.
   455 | D:1      | 455 ||| DROPPING scroll of poison.
   456 | D:1      | 456 ||| DROPPING potion of invisibility.
   489 | D:2      | Reached XP level 3. HP: 21/29 MP: 3/3
   493 | D:2      | Reached skill level 4 in Ranged Weapons
   760 | D:2      | Reached skill level 1 in Armour
   860 | D:2      | Reached XP level 4. HP: 28/36 MP: 4/4
  1308 | D:2      | 1308 ||| READING scroll labelled XOLOCH HOOPLIC.
  1309 | D:2      | 1309 ||| READING scroll labelled TOMITUGHEA.
  1310 | D:2      | 1310 ||| READING scroll labelled NOILOE HEASE.
  1311 | D:2      | 1311 ||| DRINKING 2 inky potions.
  1312 | D:2      | 1312 ||| DRINKING 2 fizzy white potions.
  1351 | D:2      | 1351 ||| DROPPING potion of lignification.
  1456 | D:3      | 1456 ||| Stepping ~*~*~tactically~*~*~ (outnumbered).
  1462 | D:3      | Reached skill level 5 in Ranged Weapons
  1470 | D:3      | HP: 2/37 [gnoll/+0 halberd (9)]
  1470 | D:3      | Slain by a gnoll

Levels and vault maps discovered:
D:1:      lightli_arrival_statue_moat, layout_rooms
D:2:      layout_loops_corners
D:3:      layout_loops_ring, gammafunk_ghost_split

Skill      XL: |  1  2  3  4 |
---------------+-------------+-----
Ranged Weapons | 3 4 5 |  5.0
Fighting       | 2 |  2.3
Armour         | 1 |  1.0
Dodging        | |  2.1
Spellcasting   | |  1.0
Hexes          | |  2.0

Action                     |  1- 3 |  4- 6 || total
---------------------------+-------+-------++-------
   Fire: Sling             |    89 |    51 ||   140
    Use: Scroll            |     2 |     3 ||     5
         Potion            |     2 |     2 ||     4
 Armour: Robe              |     8 |       ||     8
         Ring mail         |     9 |     9 ||    18
  Dodge: Dodged            |    34 |    21 ||    55

Table legend:
 A = Non-vault XP
 B = Vault XP
 C = Vault XP percentage of total XP
 D = Non-vault monster count
 E = Vault monster count
 F = Vault count percentage of total count
                 A         B        C        D         E       F
            +---------+---------+-------+---------+---------+-------
      Total |     169 |       0 |   0.0 |      44 |       0 |   0.0
            +---------+---------+-------+---------+---------+-------
        D:1 |      28 |       0 |   0.0 |      17 |       0 |   0.0
        D:2 |      92 |       0 |   0.0 |      21 |       0 |   0.0
        D:3 |      49 |       0 |   0.0 |       6 |       0 |   0.0
            +---------+---------+-------+---------+---------+-------
